 Dungeon Crawl Stone Soup version 0.20.1-1-g8b1a95d66d (webtiles) character file.

36 Gargoyl the Skirmisher (level 3, 0/46 HPs)
             Began as a Centaur Abyssal Knight on Dec 12, 2017.
             Was a Follower of Lugonu.
             Succumbed to an adder's poison
             ... on level 2 of the Dungeon.
             The game lasted 00:03:36 (1534 turns).

Gargoyl the Skirmisher (Centaur Abyssal Knight)     Turns: 1534, Time: 00:03:36

Health: 0/46       AC: 21    Str: 14    XL:     3   Next: 19%
Magic:  4/4        EV:  1    Int: 11    God:    Lugonu [*.....]
Gold:   72         SH:  6    Dex:  9    Spells: 2/2 levels left

rFire    . . .     SeeInvis .   a - +1 hand axe
rCold    + . .     Gourm    .   e - +0 shield
rNeg     + + +     Faith    .   (armour currently unavailable)
rPois    +         Spirit   .   (helmet currently unavailable)
rElec    .         Reflect  .   (cloak currently unavailable)
rCorr    .         Harm     .   (gloves currently unavailable)
MR       .....     NoTele   +   (no barding)
Stlth    +.........             (no amulet)
Regen    0.2/turn               j - ring of protection from cold
MPRegen  0.1/turn               (no ring)

@: lethally poisoned (0 -> -3), tree-form
A: no striking features
a: Depart the Abyss, Renounce Religion


You were on level 2 of the Dungeon.
You worshipped Lugonu.
Lugonu was aware of your devotion.
You were not hungry.
You were a tree.
You visited 1 branch of the dungeon, and saw 2 of its levels.
You visited the Abyss 1 time.

You collected 72 gold pieces.

Inventory:

Hand Weapons
 a - a +1 hand axe (weapon)
Missiles
 b - 5 tomahawks (quivered)
Armour
 e - a +0 shield (worn)
 f - a +0 scale mail (melded)
Jewellery
 j - a ring of protection from cold (left branch)
Scrolls
 d - a scroll of amnesia
 l - a scroll of identify
Potions
 h - a potion of haste
Books
 i - a book of Fire

   Spells                             Type                      Level
   a - Ignite Poison                  Fire/Transmutation/Poison    3
   b - Fireball                       Conjuration/Fire             5
   c - Bolt of Fire                   Conjuration/Fire             6
   d - Ring of Flames                 Charms/Fire                  7
   e - Ignition                       Fire                         8
Comestibles
 c - 3 bread rations
 g - 2 meat rations


   Skills:
 + Level 3.3 Fighting
 + Level 2.0 Axes
 * Level 1.9 Armour
 + Level 0.7 Dodging
 + Level 0.4 Shields
 * Level 2.4 Invocations


You had 2 spell levels left.
You didn't know any spells.

Dungeon Overview and Level Annotations

Branches:
Dungeon (2/15)

Altars:


Innate Abilities, Weirdness & Mutations

((You have hooves in place of feet.))
((Armour fits poorly on your strangely shaped body.))
((You cover ground very quickly.))
((You have extremely tough skin. (AC +3)))


Message History

Your +0 scale mail melds into your body.
Your roots penetrate the ground.
* * * LOW HITPOINT WARNING * * *
You feel sick. The adder bites you but does no damage.
Unknown command.
You miss the adder.
The adder is almost dead.
The adder bites you but does no damage. x2
You closely miss the adder.
The adder is almost dead.
* * * LOW HITPOINT WARNING * * *
You feel sick. The adder bites you but does no damage.
You closely miss the adder.
The adder is almost dead.
* * * LOW HITPOINT WARNING * * *
You feel sick. The adder bites you but does no damage. The adder bites you.
* * * LOW HITPOINT WARNING * * *
You closely miss the adder.
The adder is almost dead.
You die...

# ##
########
##.
#.##.......
##...
#..<......
#.....##..#
#.....♣#.#
##.##S.#.#
.b#.#.###
..#.#.#.#..
## .
..#.#.# ##
###.#.#
#.#.#####.#
#.........#
###.#######


You could see an adder and a bat.

Vanquished Creatures
  2 oozes
  A leopard gecko (D:1)
  2 giant cockroaches (D:1)
  5 goblins
  A hobgoblin (D:1)
  3 jackals (D:1)
  A ball python (D:1)
  4 bats (D:1)
  3 kobolds
  5 rats
27 creatures vanquished.

Notes
Turn   | Place    | Note
-------+----------+-------------------------------------------
     0 | Abyss:1  | Gargoyl the Centaur Abyssal Knight began the quest for the Orb.
     0 | Abyss:1  | Reached XP level 1. HP: 19/19 MP: 2/2
    74 | Abyss:1  | Noticed an ice devil
    84 | Abyss:2  | Found a corrupted altar of Lugonu.
   134 | Abyss:2  | Noticed a small abomination
   209 | Abyss:2  | Noticed a chaos spawn
   220 | Abyss:2  | Noticed a four-headed hydra skeleton
   224 | Abyss:2  | Noticed an orange demon
   228 | Abyss:2  | Noticed a hell knight
   239 | Abyss:2  | Noticed a raiju
   240 | Abyss:2  | Noticed a wretched star
   240 | D:1      | Escaped the Abyss
   618 | D:1      | Reached * piety under Lugonu
   619 | D:1      | Reached XP level 2. HP: 9/26 MP: 3/3
  1358 | D:1      | Reached XP level 3. HP: 28/31 MP: 4/4
  1533 | D:2      | HP: 1/46 [adder (3)]
  1534 | D:2      | Succumbed to an adder's poison

Skill      XL: |  1  2 |
---------------+-------+-----
Axes           | 2 |  2.0
Fighting       | |  3.3
Armour         | |  1.9
Dodging        | |  0.7
Shields        | |  0.4
Invocations    | |  2.4

Action                   || total
-------------------------++-------
Melee: Hand axe          ||    87
       Kick              ||    14
Invok: Depart the Abyss  ||     1
  Use: Scroll            ||     5
       Potion            ||     4
  Eat: Chunk             ||     1
Armor: Scale mail        ||    68
       Skin              ||     5
Dodge: Dodged            ||    29
Block: Shield            ||    48
